 Dungeon Crawl Stone Soup version 0.20.1-4-g4af34eaf8e (webtiles) character file.

60 Alfie the Shooter (level 3, -4/30 HPs)
             Began as a Minotaur Hunter on Mar 9, 2020.
             Killed by divine providence
             ... invoked by an orc priest
              (16 damage)
             ... on level 3 of the Dungeon.
             The game lasted 00:03:50 (1290 turns).

Alfie the Shooter (Minotaur Hunter)                 Turns: 1290, Time: 00:03:51

Health: -4/30      AC:  4    Str: 17    XL:     3   Next: 80%
Magic:  2/2        EV: 12    Int:  8    God:
Gold:   75         SH:  0    Dex: 10    Spells: 2/2 levels left

rFire    . . .     SeeInvis .   b - +1 short sword
rCold    . . .     Gourm    .   (no shield)
rNeg     . . .     Faith    .   c - +1 leather armour
rPois    .         Spirit   .   (helmet restricted)
rElec    .         Reflect  .   (no cloak)
rCorr    .         Harm     .   (no gloves)
MR       .....                  (no boots)
Stlth    +.........             (no amulet)
Regen    0.1/turn               (no ring)
MPRegen  0.1/turn               (no ring)

@: no status effects
A: retaliatory headbutt, horns 2
a: no special abilities


You were on level 3 of the Dungeon.
You were not hungry.

You visited 1 branch of the dungeon, and saw 3 of its levels.

You collected 75 gold pieces.

Inventory:

Hand Weapons
 a - a +1 shortbow
 b - a +1 short sword (weapon)
Armour
 c - a +1 leather armour (worn)
Jewellery
 k - an uncursed amulet of the gourmand {unknown}
Scrolls
 i - 2 scrolls of identify
 l - a scroll of recharging {unknown}
 m - a scroll of fear {unknown}
Potions
 e - a potion of lignification {unknown}
 g - a potion of haste {unknown}
Comestibles
 f - a bread ration
 h - a meat ration


   Skills:
 + Level 2.7 Fighting
 + Level 5.7 Bows
 + Level 1.0 Armour
 + Level 2.2 Dodging
 + Level 0.7 Stealth


You had 2 spell levels left.
You didn't know any spells.

Dungeon Overview and Level Annotations

Branches:
Dungeon (3/15)

Altars:
Dithmenos
Vehumet


Innate Abilities, Weirdness & Mutations

You reflexively headbutt those who attack you in melee.
You have a pair of horns on your head.


Message History

Aim: an orc priest, wielding a war axe and wearing a leather armour (lightly wounded)
Okay, then.
Firing (i - inventory): No suitable missiles.
Press: ? - help, Shift-Dir - straight line, f/p - orc priest
Aim: an orc priest, wielding a war axe and wearing a leather armour (lightly wounded)
Okay, then.
Wield which item (- for none, * to show all)? (? for menu, Esc to quit)
b - a +1 short sword (weapon)
The orc priest hits you with a war axe.
* * * LOW HITPOINT WARNING * * *
It was a potion of curing.
You feel better.
You closely miss the orc priest. You headbutt the orc priest.
The orc priest is lightly wounded.
The orc priest barely misses you.
You hit the orc priest.
The orc priest is heavily wounded.
The orc priest mumbles some strange prayers to Beogh against you.
Beogh smites you!
Ouch! That really hurt!
You die...

##...#.#
##.....)#######
#......<.......
##...).(#######
##...#.# .
#..##.# #((####
##.###.#
....[(.###...##(#
#o@.....##.#
##..#...##.#
##.##..##.#
#.###.##.# ..#
.##.. .## .####
.# .# #


You could see an orc priest.

Vanquished Creatures
  A gnoll (D:1)
  An adder (D:2)
  An ooze (D:2)
  2 worms (D:2)
  A dart slug (D:1)
  2 leopard geckos
  2 orcs (D:3)
  A giant cockroach (D:2)
  A goblin (D:2)
  4 hobgoblins
  4 kobolds
  A quokka (D:2)
  A ball python (D:2)
  A bat (D:2)
  2 frilled lizards (D:2)
  2 rats
27 creatures vanquished.

Notes
Turn   | Place    | Note
-------+----------+-------------------------------------------
     0 | D:1      | Alfie the Minotaur Hunter began the quest for the Orb.
     0 | D:1      | Reached XP level 1. HP: 18/18 MP: 0/0
   315 | D:1      | Reached skill level 5 in Bows
   315 | D:1      | Reached XP level 2. HP: 25/25 MP: 1/1
   663 | D:2      | Reached XP level 3. HP: 30/30 MP: 2/2
   869 | D:2      | Found a radiant altar of Vehumet.
   870 | D:2      | Found a shadowy altar of Dithmenos.
   990 | D:2      | Reached skill level 1 in Armour
  1290 | D:3      | Killed from afar by an orc priest

Skill      XL: |  1  2  3 |
---------------+----------+-----
Bows           | 5 |  5.7
Armour         | 1 |  1.0
Fighting       | |  2.7
Dodging        | |  2.2
Stealth        | |  0.7

Action                   || total
-------------------------++-------
Melee: Short sword       ||     9
       Headbutt          ||     2
 Fire: Shortbow          ||    70
  Use: Scroll            ||     5
       Potion            ||     1
  Eat: Bread ration      ||     1
Armor: Leather armour    ||     3
Dodge: Dodged            ||    22
